 Dungeon Crawl Stone Soup version 0.16.0-8-gd9ae3a8 (webtiles) character file.

137 Bikalo the Cudgeler (level 5, 0/32 HPs)
             Began as a Gargoyle Fighter on Mar 16, 2015.
             Slain by a goliath beetle (18 damage)
             ... on level 3 of the Dungeon.
             The game lasted 00:03:06 (1669 turns).

Bikalo the Cudgeler (Gargoyle Fighter)              Turns: 1669, Time: 00:03:07

Health: 0/32       AC: 12    Str: 19    XL:     5   Next: 20%
Magic:  5/5        EV:  7    Int:  9    God:
Gold:   96         SH:  9    Dex: 10    Spells: 0 memorised, 4 levels left

rFire  . . .     SeeInvis .     a - +0 flail
rCold  . . .     Clarity  .     b - +0 scale mail
rNeg   + . .     SustAb   .     c - +0 shield
rPois  ∞         Gourm    .     (no helmet)
rElec  +         Spirit   .     h - +0 cloak
rCorr  .         Warding  .     (no gloves)
rMut   .         Stasis   .     (no boots)
MR     .....                    (no amulet)
Stlth  ..........               (no ring)
                                (no ring)

@: not resistant to hostile enchantments, extremely unstealthy
A: negative energy resistance 1, electricity resistance, unbreathing,
petrification resistance, rot immunity, AC +4
a: no special abilities


You were on level 3 of the Dungeon.
You were hungry.

You visited 1 branch of the dungeon, and saw 3 of its levels.

You collected 96 gold pieces.

Inventory:

Hand weapons
 a - a +0 flail (weapon)
Armour
 b - a +0 scale mail (worn)
 c - a +0 shield (worn)
 h - a +0 cloak (worn)
Scrolls
 f - 2 scrolls of immolation {unknown}
 g - a scroll of recharging {unknown}
 i - 2 scrolls of remove curse {unknown}
 j - 3 scrolls of identify {unknown}
 m - a scroll of magic mapping {unknown}
 n - 2 scrolls of teleportation {unknown}
 p - a scroll of enchant weapon {unknown}
 s - a scroll of random uselessness {unknown}
Potions
 e - 2 potions of might
 l - 4 potions of curing {unknown}
 o - a potion of flight {unknown}
 q - 3 potions of haste {unknown}
 r - a potion of restore abilities {unknown}
Comestibles
 d - 3 bread rations
 k - a meat ration


   Skills:
 - Level 3.2 Fighting
 * Level 4.2 Maces & Flails
 + Level 4.0 Armour
 + Level 4.1 Shields


You had 4 spell levels left.
You didn't know any spells.

Dungeon Overview and Level Annotations

Branches:
Dungeon (3/15)

Altars:
Ashenzari


Innate Abilities, Weirdness & Mutations

You are resistant to torment.
You are immune to poison.
Your stone body is very resilient (AC +4).
You resist negative energy.
You are resistant to electric shocks.
You can survive without breathing.
You are immune to petrification.
You are immune to rotting.


Message History

The bat barely misses you.
You closely miss the goblin. The bat misses you.
The goblin hits you but does no damage.
You barely miss the goblin. The bat hits you but does no damage.
You block the goblin's attack. You block the bat's attack.
You hit the goblin.
You kill the goblin!
You block the bat's attack. The bat closely misses you.
You see here a dagger.
You block the bat's attack. The bat barely misses you.
You completely miss the goliath beetle. You block the bat's attack.
The bat hits you but does no damage. You block the bat's attack.
The goliath beetle bites you!
You barely miss the goliath beetle. The bat hits you.
You thump the goliath beetle!
The goliath beetle is moderately wounded.
The bat hits you but does no damage. The goliath beetle bites you!!
Ouch! That really hurt!
You die...

# ### ... ..# ###.## #.#
#.....##.#
.......#.###############
#....!..#.##.............
...._..B@.##.############
#.......#)...##.## ... ##
.....b.#..###..P ......
#.....##..####b##..#####
###.## #....#####.......
... ...##........# .#. #
##..##.##...### #.
...##>##...# #
.....##.##.####.....


You could see a goliath beetle and a bat.

Vanquished Creatures
  6 adders
  A giant mite (D:2)
  2 worms (D:2)
  3 giant geckos
  2 giant cockroaches (D:2)
  6 hobgoblins
  6 jackals
  7 kobolds
  A ball python (D:1)
  12 bats
  A giant newt (D:2)
  6 goblins
  A quokka (D:3)
  6 rats
60 creatures vanquished.

Notes
Turn   | Place    | Note
--------------------------------------------------------------
     0 | D:1      | Bikalo, the Gargoyle Fighter, began the quest for the Orb.
     0 | D:1      | Reached XP level 1. HP: 14/14 MP: 1/1
    55 | D:1      | Reached XP level 2. HP: 14/19 MP: 2/2
   357 | D:1      | Reached XP level 3. HP: 23/23 MP: 3/3
   626 | D:2      | Reached XP level 4. HP: 26/28 MP: 4/4
   979 | D:2      | Reached skill level 4 in Shields
  1534 | D:3      | Reached XP level 5. HP: 32/32 MP: 5/5
  1657 | D:3      | Found a shattered altar of Ashenzari.
  1669 | D:3      | Slain by a goliath beetle

Action                   |  1- 3 |  4- 6 || total
-------------------------+-------+-------++-------
Melee: Flail             |    91 |    75 ||   166
  Eat: Chunk             |       |     2 ||     2
